 Dungeon Crawl Stone Soup version 0.20.0-14-g326068f (webtiles) character file.

2818 skittles the Conjurer (level 9, 0/78 HPs)
             Began as a Red Draconian Conjurer on June 8, 2017.
             Was a Follower of Vehumet.
             Slain by a cyan ugly thing (12 damage)
             ... on level 7 of the Dungeon.
             The game lasted 00:33:56 (10136 turns).

skittles the Conjurer (Red Draconian Conjurer)     Turns: 10136, Time: 00:33:56

Health: 0/78       AC:  7    Str: 10    XL:     9   Next: 45%
Magic:  7/18       EV: 15    Int: 20    God:    Vehumet [*.....]
Gold:   378        SH:  0    Dex: 13    Spells: 10/20 levels left

rFire    + . .     SeeInvis .   m - +0 dagger (venom)
rCold    . . .     Gourm    .   (no shield)
rNeg     . . .     Faith    .   (armour unavailable)
rPois    .         Spirit   .   (helmet restricted)
rElec    .         Reflect  .   (no cloak)
rCorr    .         Harm     .   (no gloves)
MR       .....     Clarity  +   (no boots)
Stlth    ++........             h - amulet of magic regeneration
Regen    0.3/turn               (no ring)
MPRegen  0.3/turn               (no ring)

@: no status effects
A: breathe fire, unfitting armour, horns 1, clarity, clever 1, deterioration 1,
fire resistance 1, cold-blooded, AC +7
a: Breathe Fire, Renounce Religion


You were on level 7 of the Dungeon.
You worshipped Vehumet.
Vehumet was aware of your devotion.
You were not hungry.

You visited 2 branches of the dungeon, and saw 9 of its levels.

You collected 378 gold pieces.

Inventory:

Hand Weapons
 e - a +0 dagger
 m - a +0 dagger of venom (weapon)
Armour
 i - a +0 buckler
Jewellery
 h - an amulet of magic regeneration (around neck)
 j - a +3 amulet of reflection
Wands
 s - a wand of iceblast (6/15)
 y - a wand of polymorph (10/24)
Scrolls
 c - 2 scrolls of blinking {unknown}
 d - 8 scrolls of teleportation
 f - 6 scrolls of remove curse
 k - a scroll of amnesia {unknown}
 l - 2 scrolls of enchant weapon {unknown}
 q - a scroll of fog {unknown}
 r - a scroll of recharging {unknown}
 v - a scroll of noise {unknown}
 x - 2 scrolls of fear
 B - a scroll of enchant armour {unknown}
Potions
 g - a potion of might
 n - 2 potions of brilliance
 p - a potion of berserk rage
 u - 2 potions of flight
 z - a potion of curing {unknown}
 A - a potion of invisibility {unknown}
Books
 a - a book of Conjurations

   Spells                             Type                      Level
   a - Magic Dart                     Conjuration                  1
   b - Searing Ray                    Conjuration                  2
   c - Dazzling Spray                 Conjuration/Hexes            3
   d - Fulminant Prism                Conjuration/Hexes            4
   e - Force Lance                    Conjuration/Translocation    4
   f - Iskenderun's Mystic Blast      Conjuration                  4
 C - a book of Callings

   Spells                             Type                      Level
   a - Summon Small Mammal            Summoning                    1
   b - Call Imp                       Summoning                    2
   c - Call Canine Familiar           Summoning                    3
   d - Summon Guardian Golem          Hexes/Summoning              3
   e - Summon Lightning Spire         Summoning/Air                4
   f - Summon Ice Beast               Ice/Summoning                4
Comestibles
 b - 11 bread rations
 o - 5 meat rations
 t - a royal jelly
 w - a chunk of flesh


   Skills:
 + Level 6.8 Fighting
 - Level 2.1 Short Blades
 + Level 6.2 Dodging
 - Level 1.7 Stealth
 - Level 0.2 Shields
 + Level 6.0 Spellcasting
 + Level 7.6 Conjurations


You had 10 spell levels left.
You knew the following spells:

 Your Spells              Type           Power        Failure   Level  Hunger
a - Magic Dart            Conj           ####         1%          1    None
b - Searing Ray           Conj           #####.       1%          2    None
c - Dazzling Spray        Conj/Hex       ###...       7%          3    ##.....
d - Iskenderun's Mystic   Conj           #####...     4%          4    ####...


Dungeon Overview and Level Annotations

Branches:
Dungeon (8/15)             Temple (1/1) D:5
   Lair: D:8-11

Altars:
Ashenzari
Cheibriados
Elyvilon
Fedhas
Gozag
Kikubaaqudgha
Okawaru
Qazlal
Ru
Sif Muna
Vehumet
Xom
The Shining One

Shops:
D:5 }   D:6 :


Innate Abilities, Weirdness & Mutations

You can breathe blasts of fire.
Your fiery red scales are hard. (AC +7)
You cannot fit into any form of body armour.
Your flesh is heat resistant. (rF+)
You are cold-blooded and may be slowed by cold attacks.
You have a pair of small horns on your head.
You possess an exceptional clarity of mind.
Your mind is acute. (Int +2)
Your body sometimes deteriorates upon taking damage.


Message History

A kobold is wielding a whip of venom.
A kobold is wielding a dagger of venom.
The kobold shouts!
A kobold and an orc come into view.
You see here a ring mail.
A kobold and a big kobold come into view.
A kobold comes into view.
Some of the chunks of flesh in your inventory have rotted away.
A kobold and an orc come into view.
An orc warrior comes into view.
It is wielding a short sword of electrocution.
The orc warrior shouts!
The cyan ugly thing closely misses you.
The big kobold throws a stone.
The stone hits you.
* * * LOW HITPOINT WARNING * * *
You see here a stone.
An orc priest comes into view. It is wielding a war axe.
The orc priest shouts!
The orc shouts!
The water moccasin skeleton misses you. The cyan ugly thing tail-slaps you!
You die...

....###..###..............
(.........................
................[.........
.......)..........t........
.............................
......................K......K
.....................K......KK.
.................uZ.Ko.........
!...........<...@.....o.o.KK.##
......................o.....##
...[............####..####..#
...............## ....# ..#
............##...# ......
...........###..... ......
.........### #...... .....
........## ...### ......[## .##


You could see a cyan ugly thing, an orc warrior, a crocodile, a big kobold, an
orc priest, an orc, 2 kobolds and a water moccasin skeleton.

Vanquished Creatures
  3 slime creatures
  An orc warrior (D:5)
  An ice beast (D:5)
  3 ogres
  3 centaurs
  A big kobold (D:7)
  2 bullfrogs
  A scorpion (D:5)
  6 howler monkeys
  2 crimson imps
  A bullfrog zombie (D:4)
  2 hounds (D:5)
  8 jellies
  A quasit (D:8)
  7 orc wizards
  A bullfrog skeleton (D:8)
  A gnoll shaman (D:4)
  An iguana (D:7)
  5 worker ants
  A hound zombie (D:6)
  10 adders
  4 gnolls
  2 shadow imps
  5 oozes
  A worm (D:3)
  3 leopard geckos
  15 orcs
  3 bat zombies (D:4)
  3 giant cockroaches
  8 goblins
  7 hobgoblins
  3 jackals
  12 kobolds
  2 quokkas
  2 ball pythons (D:3)
  2 bats
  3 frilled lizards
  A leopard gecko zombie (D:6)
  A quokka skeleton (D:6)
  9 rats
  A rat zombie (D:4)
148 creatures vanquished.

Vanquished Creatures (others)
  6 fungi (D:7)
  6 toadstools (D:7)
12 creatures vanquished.

Grand Total: 160 creatures vanquished

Notes
Turn   | Place    | Note
-------+----------+-------------------------------------------
     0 | D:1      | skittles the Draconian Conjurer began the quest for the Orb.
     0 | D:1      | Reached XP level 1. HP: 14/14 MP: 3/3
   216 | D:1      | Reached XP level 2. HP: 22/22 MP: 5/5
   462 | D:1      | Reached skill level 1 in Fighting
   776 | D:2      | Found a glowing golden altar of the Shining One.
   980 | D:2      | Found an opulent altar of Gozag.
  1008 | D:2      | Learned a level 2 spell: Searing Ray
  1207 | D:2      | Reached XP level 3. HP: 28/28 MP: 6/6
  1630 | D:2      | Reached XP level 4. HP: 36/36 MP: 1/7
  2341 | D:3      | Reached skill level 1 in Short Blades
  3160 | D:3      | Reached XP level 5. HP: 41/41 MP: 8/8
  3921 | D:4      | Learned a level 3 spell: Dazzling Spray
  3950 | D:4      | Found a shimmering altar of Xom.
  4006 | D:4      | Reached skill level 5 in Conjurations
  4083 | D:4      | Reached XP level 6. HP: 26/50 MP: 2/10
  4985 | D:4      | Found an ancient bone altar of Kikubaaqudgha.
  5223 | D:5      | Entered Level 5 of the Dungeon
  5388 | D:5      | Found a staircase to the Ecumenical Temple.
  5397 | Temple   | Entered the Ecumenical Temple
  5407 | Temple   | Became a worshipper of Vehumet
  5447 | D:5      | Your scales start taking on a fiery red colour.
  5447 | D:5      | Reached XP level 7. HP: 48/57 MP: 6/11
  5447 | D:5      | Gained mutation: Your flesh is heat resistant. (rF+) [Red Draconian growth]
  5512 | D:5      | Found an iron altar of Okawaru.
  6310 | D:5      | Reached skill level 6 in Conjurations
  6311 | D:5      | Found Uzuzake's Gadget Emporium.
  6676 | D:6      | Found Vefi's Book Shop.
  6704 | D:6      | Reached XP level 8. HP: 65/67 MP: 11/14
  6903 | D:6      | Gained mutation: Your body sometimes deteriorates upon taking damage. [potion of mutation]
  6903 | D:6      | Gained mutation: Your mind is acute. (Int +2) [potion of mutation]
  6903 | D:6      | Gained mutation: You have a pair of small horns on your head. [potion of mutation]
  6903 | D:6      | Gained mutation: You possess an exceptional clarity of mind. [potion of mutation]
  6915 | D:6      | Reached skill level 5 in Fighting
  7029 | D:6      | Reached * piety under Vehumet
  7029 | D:6      | Offered knowledge of Shock by Vehumet.
  7066 | D:6      | Learned a level 4 spell: Iskenderun's Mystic Blast
  7465 | D:5      | Reached skill level 5 in Dodging
  8126 | D:7      | Noticed a slime creature
  8149 | D:7      | Noticed a slime creature
  8149 | D:7      | Killed a slime creature
  8149 | D:7      | Reached skill level 5 in Spellcasting
  8150 | D:7      | Noticed a slime creature
  8215 | D:6      | HP: 3/70 [slime creature (6)]
  8580 | D:6      | Killed a slime creature
  8580 | D:6      | Reached skill level 7 in Conjurations
  8580 | D:6      | Reached XP level 9. HP: 34/75 MP: 5/16
  9339 | D:7      | Noticed a cyan ugly thing
 10136 | D:7      | Slain by a cyan ugly thing

Skill      XL: |  1  2  3  4  5  6  7  8  9 |
---------------+----------------------------+-----
Dodging        | 2 3 4 5 6 |  6.2
Fighting       | 1 2 3 4 6 |  6.8
Short Blades   | 1 2 |  2.1
Conjurations   | 5 6 7 |  7.6
Spellcasting   | 3 4 5 6 |  6.0
Stealth        | |  1.7
Shields        | |  0.2

Action                   |  1- 3 |  4- 6 |  7- 9 || total
-------------------------+-------+-------+-------++-------
Melee: Dagger            |    69 |   136 |    89 ||   294
       Unarmed           |     8 |       |       ||     8
       Tailslap          |     7 |    11 |    11 ||    29
       Headbutt          |       |       |    16 ||    16
 Cast: Magic Dart        |    12 |    54 |   131 ||   197
       Searing Ray       |     2 |    24 |    37 ||    63
       Dazzling Spray    |       |       |    10 ||    10
       Iskenderun's Myst |       |       |     2 ||     2
  Use: Scroll            |     4 |     3 |     3 ||    10
       Potion            |       |       |     4 ||     4
 Stab: Sleeping          |     5 |     1 |       ||     6
       Invisible         |       |       |     1 ||     1
  Eat: Chunk             |     2 |    12 |     9 ||    23
       Royal jelly       |       |     1 |     1 ||     2
       Meat ration       |       |       |     1 ||     1
Armor: Skin              |    20 |    51 |    47 ||   118
Dodge: Dodged            |    44 |   103 |   142 ||   289
Block: Other             |     3 |     4 |       ||     7
